 Dungeon Crawl Stone Soup version 0.31-a0-187-gba352fbbf7 (webtiles) character file.

Game seed: 13190914628989344669

46 qw the Shooter (level 3, 0/20 HPs)
             Began as a Deep Elf Hunter on June 22, 2023.
             Succumbed to their own poison gas
             ... on level 1 of the Dungeon.
             The game lasted 00:00:22 (857 turns).

qw the Shooter (Deep Elf Hunter)                     Turns: 857, Time: 00:00:22

Health: 0/20       AC:  6    Str: 10    XL:     3   Next: 44%
Magic:  5/5        EV: 11    Int: 13    God:
Gold:   43         SH:  0    Dex: 18    Spells: 2/2 levels left

rFire   . . .        Y - +0 shortbow
rCold   . . .        (shield currently unavailable)
rNeg    . . .        n - +0 ring mail
rPois   .            (no helmet)
rElec   .            (no cloak)
rCorr   .            (no gloves)
SInv    +            j - +0 pair of boots
Will    .....        (no amulet)
Stlth   +            d - ring of see invisible
HPRegen 0.23/turn    (no ring)
MPRegen 0.09/turn

%: no passive effects
@: lethally poisoned (0 -> -3)
A: no striking features
a: no special abilities


You were on level 1 of the Dungeon.
You visited 1 branch of the dungeon, and saw 1 of its levels.

You collected 43 gold pieces.


   Skills:
 - Level 1.5 Fighting
 + Level 7.0 Ranged Weapons
 - Level 2.4 Dodging
 - Level 1.2 Stealth


You had 2 spell levels left.
You didn't know any spells.
Your spell library was empty.

Inventory:

Hand Weapons
 Y - a +0 shortbow (weapon)
Armour
 j - a +0 pair of boots (worn)
 n - a +0 ring mail (worn)
Jewellery
 d - a ring of see invisible (left hand)
Potions
 l - a potion of enlightenment {unknown}

Dungeon Overview and Level Annotations

Branches:
Dungeon (1/15)

Altars:


Message History

Done exploring.
849 ||| READING scroll labelled QIXTOL NOPSO.
The air fills with toxic fumes!
As you read the scroll labelled QIXTOL NOPSO, it crumbles to dust.
It was a scroll of poison.
Done exploring.
850 ||| READING scroll labelled CESOUXK PYLO.
As you read the scroll labelled CESOUXK PYLO, it crumbles to dust.
The air around you briefly surges with heat, but it dissipates.
It was a scroll of immolation.
Done exploring.
851 ||| DROPPING scroll of butterflies.
You drop a scroll of butterflies.
Done exploring.
(D) Dungeon
Where to? (* - list waypoints, ? - help)
What level of the Dungeon? (default 1, ? - help) Sorry, I don't know how to get there.
Enter note:
Enter note:
Enter note:
Enter note:
Enter note:
Enter note:
Enter note:
Enter note:
Enter note: Really walk into that cloud of poison gas?
You are engulfed in poison gas.
You are poisoned.
You feel very sick.
853 ||| Stepping ~*~*~tactically~*~*~ (cloud).
You feel very sick.
You see here a scroll of butterflies.
There is a lethal amount of poison in your body!
You feel sick.
There is a lethal amount of poison in your body!
You feel sick.
There is a lethal amount of poison in your body!
You feel sick.
There is a lethal amount of poison in your body!
You die...

.......'..#....#.#.#.....# #.
.......##.#..#......)....# ##
.......##.#..#.#.#..%#####
#####.....#..#.#.....##########
.............................>#
#########....#..........#####.#
#######################.# #.###
#.........¤00¤¤00000¤¤#.# #....
#..#....#.¤¤¤¤¤¤@0¤¤0¤#.# #.###
..##.#.#..¤8¤0¤¤###0¤0#.# #.#
..........0¤¤¤¤## ##.¤#.# #.#
..#..##...¤0¤0¤## ##..#.# #.#
##...#...####¤..###...#.# #.#
...#....##..##........#.# #.#
.##.....#>##.'...8......# #.#
........###.##).......#.# #.#
#..##....####...###...#.# #.#


There were no monsters in sight!

Vanquished Creatures
  5 dart slugs (D:1)
  6 ball pythons (D:1)
  4 endoplasms (D:1)
  A giant cockroach (D:1)
  3 goblins (D:1)
  3 hobgoblins (D:1)
  A quokka (D:1)
  4 bats (D:1)
  3 frilled lizards (D:1)
  2 kobolds (D:1)
  3 rats (D:1)
35 creatures vanquished.

Notes
Turn   | Place    | Note
-------+----------+-------------------------------------------
     0 | D:1      | qw the Deep Elf Hunter began the quest for the Orb.
     0 | D:1      | Reached XP level 1. HP: 12/12 MP: 3/3
     0 | D:1      | 0 ||| qw: Version: 0.3-a-9-g12657ce
     0 | D:1      | 0 ||| qw: Game counter: 2706
     0 | D:1      | 0 ||| qw: Always use a shield: true
     0 | D:1      | 0 ||| qw: God list: Okawaru
     0 | D:1      | 0 ||| qw: Allow faded altars: false
     0 | D:1      | 0 ||| qw: Do Orc after D:15 true
     0 | D:1      | 0 ||| qw: Do second Lair branch before Depths: true
     0 | D:1      | 0 ||| qw: Lair rune preference: random
     0 | D:1      | 0 ||| qw: Plans: Normal
     0 | D:1      | 0 ||| PLANNING D:1-11
    45 | D:1      | Reached XP level 2. HP: 16/16 MP: 4/4
    68 | D:1      | Reached skill level 6 in Ranged Weapons
   487 | D:1      | Reached XP level 3. HP: 20/20 MP: 5/5
   557 | D:1      | Reached skill level 7 in Ranged Weapons
   723 | D:1      | 723 ||| UPGRADING to +0 pair of boots.
   728 | D:1      | 728 ||| UPGRADING to +0 ring mail.
   738 | D:1      | 738 ||| DROPPING +0 leather armour.
   739 | D:1      | 739 ||| UPGRADING to ring of see invisible.
   740 | D:1      | 740 ||| READING scroll labelled ZYUSIS NYTAE.
   741 | D:1      | 741 ||| READING scroll labelled JIWKIHERAY.
   842 | D:1      | 842 ||| READING scroll labelled JIS QOEPSOQ.
   847 | D:1      | 847 ||| READING scroll labelled YKOG PEFUH.
   848 | D:1      | 848 ||| READING scroll labelled FOYLYG MEOKIDI.
   849 | D:1      | 849 ||| READING scroll labelled QIXTOL NOPSO.
   850 | D:1      | 850 ||| READING scroll labelled CESOUXK PYLO.
   851 | D:1      | 851 ||| DROPPING scroll of butterflies.
   853 | D:1      | 853 ||| Stepping ~*~*~tactically~*~*~ (cloud).
   854 | D:1      | HP: 4/20 [poisoned by you (poison gas)]
   856 | D:1      | HP: 1/20 [poisoned by you (poison gas)]
   857 | D:1      | Succumbed to their own poison gas

Levels and vault maps discovered:
D:1:      erik_arrival_cave_to_civilisation [erik_arrival_cave_to_hall],
          layout_basic, hangedman_decor_growths, minmay_tripent

Skill      XL: |  1  2  3 |
---------------+----------+-----
Ranged Weapons | 6 7 |  7.0
Fighting       | |  1.5
Dodging        | |  2.4
Stealth        | |  1.2

Action                     || total
---------------------------++-------
   Fire: Shortbow          ||    76
    Use: Scroll            ||     7
 Armour: Leather armour    ||     8
  Dodge: Dodged            ||     7

Table legend:
 A = Non-vault XP
 B = Vault XP
 C = Vault XP percentage of total XP
 D = Non-vault monster count
 E = Vault monster count
 F = Vault count percentage of total count
                 A         B        C        D         E       F
            +---------+---------+-------+---------+---------+-------
      Total |      60 |       6 |   9.1 |      31 |       4 |  11.4
            +---------+---------+-------+---------+---------+-------
        D:1 |      60 |       6 |   9.1 |      31 |       4 |  11.4
            +---------+---------+-------+---------+---------+-------
